AoeStats
← Dieguin

Arabia

509974779Analyzed
1v1 RM · 4d ago on Sep 28, 2026· 45m 45s· 2 players
Game mode
Random Map
Map size
Tiny (2 player)
Population
200
Speed
Normal
Resources
Standard
Victory
Conquest
Starting age
Dark Age
Ending age
Imperial Age
RankedLock teamsTeams togetherTeam positionsShared explorationLock speedFull tech treeHidden civsTurbo modeCheats
Victory
Defeat
🇨🇱 Franks · Chile
783
+16
🇨🇴 Cumans · Colombia
780
-16
Dieguin
7:02 Loom
10:14 Feudal Age
17:49 Double-Bit Axe
20:43 Scale Mail Armor
27:03 Fletching
30:00 Castle Age
31:55 Capped Ram
32:02 Pikeman
32:14 Crossbowman
33:06 Horse Collar
34:06 Chain Mail Armor
34:38 Bow Saw
36:58 Thumb Ring
39:13 Wheelbarrow
42:26 Bloodlines
44:03 Elite Skirmisher
gustebrius
7:05 Loom
9:47 Feudal Age
10:44 Double-Bit Axe
19:59 Castle Age
17:57 Gold Mining
19:12 Forging
20:39 Wheelbarrow
20:27 Stone Mining
21:23 Bow Saw
21:25 Husbandry
28:12 Scale Barding Armor
28:43 Iron Casting
35:50 Hand Cart
37:15 Gold Shaft Mining
Connection lost

Rejoining the realm…

Still unreachable

The connection could not be restored.

Session expired

The server has moved on; the page needs a fresh start.